 Dungeon Crawl Stone Soup version 0.29.1-1-gd02db6906a (webtiles) character file.

Game seed: 4377034807046347044

1239 raistware the Conjurer (level 8, -2/56 HPs)
             Began as a Human Conjurer on Oct 3, 2022.
             Slain by a black bear (3 damage)
             ... on level 5 of the Dungeon.
             The game lasted 00:21:56 (6576 turns).

raistware the Conjurer (Human Conjurer)             Turns: 6576, Time: 00:21:57

Health: -2/56      AC:  3    Str:  8    XL:     8   Next: 78%
Magic:  7/14       EV: 13    Int: 21    God:
Gold:   260        SH:  0    Dex: 17    Spells: 10/15 levels left

rFire   . . .      SeeInvis +   a - +9 whip "Yvanoug" {flame, SInv}
rCold   . . .      Faith    .   (no shield)
rNeg    . . .      Spirit   .   A - +0 robe
rPois   .          Reflect  .   (no helmet)
rElec   .          Harm     .   (no cloak)
rCorr   .          Rampage  .   (no gloves)
Will    .....                   h - +0 pair of boots
Stlth   ++........              s - amulet of magic regeneration
HPRegen 0.18/turn               n - +6 ring of dexterity
MPRegen 0.54/turn               (no ring)

@: very slightly contaminated
A: no striking features
a: no special abilities


You were on level 5 of the Dungeon.
You visited 1 branch of the dungeon, and saw 5 of its levels.
You also visited: Sewer.

You collected 286 gold pieces.
You spent 26 gold pieces at shops.

Inventory:

Hand Weapons
 a - the +9 whip "Yvanoug" (weapon) {flame, SInv}
   (You found it on level 4 of the Dungeon)

   It burns those it strikes, dealing additional fire damage.
   SInv:      It lets you see invisible.
Missiles
 t - 33 poisoned darts
Armour
 h - a +0 pair of boots (worn)
 A - a +0 robe (worn)
Magical Staves
 b - a staff of air
Jewellery
 d - the ring of Ariufil {rElec rPois rF+ rC- Will+}
   (You took it off a kobold in a sewer)

   [ring of poison resistance]

   rF:        It protects you from fire.
   rC:        It makes you vulnerable to cold.
   rElec:     It insulates you from electricity.
   rPois:     It protects you from poison.
   Will:      It increases your willpower.
 f - an amulet of the acrobat
 n - a +6 ring of dexterity (left hand)
 s - an amulet of magic regeneration (around neck)
 x - a ring of fire
 B - a ring of see invisible
Wands
 l - a wand of digging (4)
 z - a wand of charming (15)
 D - a wand of iceblast (14)
Scrolls
 c - 8 scrolls of teleportation
 e - 5 scrolls of immolation
 k - a scroll of poison {unknown}
 p - a scroll of blinking
 v - a scroll of fear {unknown}
 w - a scroll of torment
 y - a scroll of silence {unknown}
 C - a scroll of enchant weapon
Potions
 g - 2 potions of magic
 j - 3 potions of heal wounds
 m - 2 potions of invisibility
 o - 4 potions of curing
 q - 3 potions of mutation
 r - 2 potions of lignification
 u - a potion of might


   Skills:
 + Level 2.1 Fighting
 - Level 4.0 Staves
 + Level 3.7 Dodging
 - Level 2.0 Stealth
 + Level 4.1 Spellcasting
 * Level 6.2 Conjurations
 - Level 2.0 Translocations
 + Level 3.3 Air Magic
 + Level 2.2 Evocations


You had 10 spell levels left.
You knew the following spells:

 Your Spells              Type           Power      Damage    Failure   Level
a - Magic Dart            Conj           100%       1d8       1%          1
b - Iskenderun's Mystic   Conj/Tloc      21%        2d6       22%         4

Your spell library contained the following spells:

 Spells                   Type           Power      Damage    Failure   Level
 Searing Ray              Conj           60%        2d6       1%          2
 Dazzling Flash           Conj/Hex       34%        N/A       10%         3
 Gell's Gravitas          Tloc           12%        N/A       16%         3
 Lesser Beckoning         Tloc           12%        N/A       16%         3
 Teleport Other           Tloc           12%        N/A       16%         3
 Fulminant Prism          Conj/Hex       8%         3d7       32%         4


Dungeon Overview and Level Annotations

Branches:
Dungeon (5/15)              Sewer (visited)
 Temple: D:4-7

Altars:
Nemelex Xobeh
Wu Jian

Shops:
D:4 (?(

Portals:
Abyss: D:5

Annotations:
D:5 2 transporters, MewIchigo's ghost, amateur HOMo


Message History

The water moccasin is heavily wounded.
The magic dart hits the water moccasin.
The water moccasin is severely wounded.
The magic dart hits the water moccasin.
The water moccasin is almost dead.
The water moccasin bites you!
You whack the water moccasin! You burn the water moccasin.
You kill the water moccasin!
The magic dart hits the orc.
The orc is almost dead.
The magic dart hits the orc!
You kill the orc!
The magic dart hits the black bear.
The black bear is lightly wounded.
The magic dart hits the black bear!
The black bear is moderately wounded.
The magic dart hits the black bear.
The black bear is moderately wounded.
The magic dart hits the black bear!
The black bear is severely wounded.
The magic dart hits the black bear.
The black bear is severely wounded.
The black bear goes berserk!
You hit the black bear. You burn the black bear.
The black bear is almost dead.
The black bear bites you! The black bear claws you. x2
The black bear bites you. The black bear claws you. x2
Unknown command.
Casting: Magic Dart (safe; 1% risk of failure)
Confirm with . or Enter, or press ? or * to list all spells.
The spell is quite dangerous to miscast (22% risk of failure)!
Continue anyway?
You miscast Iskenderun's Mystic Blast.
You are very lightly contaminated with residual magic.
Strange energies run through your body!
* * * LOW HITPOINT WARNING * * *
The black bear bites you!
* * * LOW HITPOINT WARNING * * *
The black bear claws you but does no damage.
The black bear claws you.
You die...

..# ... ..# ...
########## .[## .).
###........# ...###
#)# #..........#
...).## #.#
#.#........# ..##..#
#.# #..........#
#####.## #)#
###......... #..## #h#
#........# ### ##..##
##@# #.######## ..##
##..## ##..# ###.####
## ...## ##..## #...##
#......# ##. ....#
##..###....#
#......###.. ....#
##.#......#
#......#...# ....#
#....#...##
#........### ....#
#..#......###.......##
....#
#.####.....##.......#
...## #.#
##<....##.......####


You could see a black bear (berserk).

Vanquished Creatures
  Grinder (Sewer)
  Sigmund (D:3)
  A water moccasin (D:5)
  An orc warrior (D:5)
  A kobold brigand (Sewer)
  A necrophage (D:5)
  A scorpion (D:5)
  2 quasits (Sewer)
  An orc priest (D:5)
  An iguana (D:5)
  A gnoll bouda (D:3)
  Ijyb (D:5)
  An orc wizard (D:5)
  4 gnolls
  8 adders
  2 river rats (D:4)
  A shadow imp (Sewer)
  5 ufetubi (Sewer)
  2 worms (D:2)
  3 dart slugs
  9 orcs
  12 ball pythons
  A bat zombie (Sewer)
  8 endoplasms
  6 giant cockroaches
  8 goblins
  8 hobgoblins
  5 jackals
  22 kobolds
  3 quokkas
  3 bats
  5 frilled lizards
  A kobold zombie (Sewer)
  16 rats
146 creatures vanquished.

Vanquished Creatures (others)
  A giant cockroach zombie (Sewer)
1 creature vanquished.

Grand Total: 147 creatures vanquished

Notes
Turn   | Place    | Note
-------+----------+-------------------------------------------
     0 | D:1      | raistware the Human Conjurer began the quest for the Orb.
     0 | D:1      | Reached XP level 1. HP: 13/13 MP: 3/3
   190 | D:1      | Reached XP level 2. HP: 19/19 MP: 0/5
   516 | D:1      | Reached XP level 3. HP: 24/24 MP: 4/7
  1110 | D:2      | Reached skill level 1 in Staves
  1420 | D:2      | Reached XP level 4. HP: 30/30 MP: 6/9
  1425 | D:2      | Learned a level 4 spell: Iskenderun's Mystic Blast
  2190 | D:2      | Found a faded altar of an unknown god.
  2493 | D:3      | Reached XP level 5. HP: 35/35 MP: 8/10
  2606 | D:3      | Reached skill level 1 in Air Magic
  2727 | D:3      | Noticed Sigmund
  2740 | D:3      | Killed Sigmund
  2741 | D:3      | Reached XP level 6. HP: 41/41 MP: 12/12
  3086 | D:4      | Found Sedghuad's Magic Scroll Shop.
  3300 | D:4      | Found a glowing drain.
  3306 | Sewer    | Entered a sewer
  3438 | Sewer    | Reached XP level 7. HP: 28/47 MP: 13/13
  3722 | Sewer    | Found a burning altar of Makhleb.
  3858 | Sewer    | Noticed Grinder
  3982 | Sewer    | Identified the ring of Ariufil {rElec rPois rF+ rC- Will+}
  3994 | Sewer    | Paralysed by Grinder for 5 turns
  4001 | Sewer    | Killed Grinder
  4002 | Sewer    | Reached skill level 1 in Fighting
  4002 | Sewer    | Reached skill level 1 in Translocations
  4002 | Sewer    | Reached skill level 1 in Evocations
  4002 | Sewer    | Reached XP level 8. HP: 40/54 MP: 14/14
  4394 | D:3      | Reached skill level 5 in Conjurations
  4903 | D:4      | Identified the +9 whip "Yvanoug" {flame, SInv}
  5184 | D:4      | Found Jaemomn's Weapon Shop.
  5184 | D:4      | Found Fyceut's Assorted Antiques.
  5196 | D:4      | Found Zill's Antique Weapon Shop.
  5199 | D:4      | Bought a scroll of identify for 26 gold pieces
  5430 | D:5      | Entered Level 5 of the Dungeon
  5465 | D:5      | Noticed Ijyb
  5485 | D:5      | Killed Ijyb
  5574 | D:5      | Found a one-way gate to the infinite horrors of the Abyss.
  5592 | D:5      | Found a transporter.
  5604 | D:5      | Found a transporter.
  5614 | D:5      | Noticed MewIchigo's ghost (amateur HOMo)
  5683 | D:5      | Found a sparkling altar of Nemelex Xobeh.
  5911 | D:5      | Found an ornate altar of the Wu Jian Council.
  6312 | D:5      | Reached skill level 6 in Conjurations
  6576 | D:5      | HP: 1/56 [black bear (8)]
  6576 | D:5      | Slain by a black bear

Illustrated notes

Levels and vault maps discovered:
D:1:      spicycebolla_arrival_clurvy, layout_loops_cross,
          nicolae_kite_square_tiling_tiny, minmay_tetromino_o2
D:2:      layout_basic, hellmonk_ecumenical_altar_blasted,
          minmay_rat_gold_closets
D:3:      layout_basic, uniq_sigmund
D:4:      minmay_wonky_spiral, layout_loops_corners, gup_sewer_entry_bubbles,
          minmay_shop_grid_forest
D:5:      layout_rooms, mainiacjoe_overflow_boulevard, nemelex_altar_shiori,
          gammafunk_ghost_abyssal_escape, hangedman_abyss_or_decor_stagger,
          uniq_ijyb

Skill      XL: |  1  2  3  4  5  6  7  8 |
---------------+-------------------------+-----
Spellcasting   | 3 4 |  4.1
Staves         | 1 3 4 |  4.0
Air Magic      | 2 3 |  3.3
Fighting       | 1 2 |  2.1
Translocations | 1 2 |  2.0
Evocations     | 1 2 |  2.2
Conjurations   | 6 |  6.2
Dodging        | 3 |  3.7
Stealth        | |  2.0

Action                   |  1- 3 |  4- 6 |  7- 9 || total
-------------------------+-------+-------+-------++-------
Melee: Staff             |    25 |    28 |     8 ||    61
       Punch             |     1 |       |       ||     1
       Whip              |       |       |    21 ||    21
Throw: Dart              |       |     3 |    21 ||    24
 Cast: Magic Dart        |    55 |   145 |   103 ||   303
       Iskenderun's Myst |       |       |     5 ||     5
Evoke: Wand              |       |       |     3 ||     3
  Use: Scroll            |       |     1 |    10 ||    11
       Potion            |       |     4 |     2 ||     6
 Stab: Sleeping          |     2 |     1 |       ||     3
Armor: Robe              |     3 |    15 |    12 ||    30
Dodge: Dodged            |    19 |    39 |    37 ||    95
